Map: Lost and Found LE

Players

SGRT

  • Race: Zerg Zerg
  • League: Diamond
  • Spawn Location: 1:00

EpicNoob - Winner!

  • Race: Terran Terran
  • League: Diamond
  • Spawn Location: 7:00

VOD

Have the link to the VOD?

Description

Time

  • Played on: Aug. 17, 2018, 5:45 a.m.
  • Length: 14:36
Show
View Real Time Build Order
Export as new Build Order

SGRT Zerg 

Build Orders: Hatch First, Muta Ling Bane 

Get SALT Encoding   

  12  0:01  Drone  
  13  0:13  Overlord  
  13  0:18  Drone  
  14  0:33  Drone x2  
  16  0:36  Drone  
  17  1:00  Drone  
  18  1:05  Hatchery  
  18  1:06  Drone  
  18  1:09  Extractor  
  17  1:25  Spawning Pool  
  16  1:26  Drone  
  16  1:31  Drone x2  
  19  1:52  Overlord  
  19  1:55  Drone  
  20  2:15  Zergling x4  
  22  2:16  Queen  
  22  2:17  Metabolic Boost  
  22  2:19  Queen  
  26  2:23  Zergling x2  
  26  2:28  Zergling x2  
  28  2:59  Overlord  
  28  3:00  Zergling x4  
  28  3:02  Zergling x6  
  33  3:08  Baneling Nest  
  32  3:19  Zergling x2  
  34  3:20  Zergling x2  
  34  3:24  Zergling x4  
  34  3:26  Queen  
  38  3:32  Zergling x6  
  41  3:41  Overlord  
  41  3:46  Zergling x6  
  44  3:59  Overlord x2  
  43  4:12  Zergling x10  
  43  4:13  Zergling x2  
  47  4:19  Zergling x2  
  47  4:23  Zergling x2  
  47  4:24  Zergling x4  
  50  4:28  Baneling x2  
  50  4:29  Baneling  
  50  4:31  Baneling x2  
  50  4:37  Zergling x2  
  44  5:02  Drone x4  
  44  5:03  Drone x5  
  53  5:22  Extractor  
  53  5:23  Roach Warren  
  53  5:27  Evolution Chamber  
  50  5:29  Drone x3  
  53  5:36  Queen  
  53  5:42  Spore Crawler  
  54  5:43  Overlord  
  54  5:50  Spore Crawler  
  54  5:52  Drone x2  
  53  6:07  Drone x4  
  57  6:17  Roach  
  59  6:39  Lair  
  59  6:41  Zerg Missile Weapons Level 1  
  59  6:50  Hatchery  
  59  6:52  Overlord, Drone x2  
  59  6:53  Overlord  
  60  6:56  Extractor  
  60  6:57  Extractor  
  58  7:05  Drone  
  58  7:10  Drone  
  58  7:11  Drone x7  
  66  7:28  Drone x3  
  69  7:43  Queen  
  71  7:44  Centrifical Hooks  
  71  7:54  Zergling x8, Hatchery  
  71  7:55  Zergling x2  
  71  7:56  Overlord x2  
  75  8:05  Baneling x4  
  75  8:06  Baneling x2  
  75  8:14  Spire  
  74  8:22  Drone x4  
  74  8:26  Queen  
  80  8:31  Drone x2  
  80  8:32  Drone x5  
  87  8:41  Overlord x2  
  87  8:50  Overlord x3  
  87  9:01  Baneling x3  
  87  9:04  Zergling x10  
  87  9:08  Extractor  
  91  9:10  Extractor  
  91  9:11  Drone x2  
  91  9:12  Drone x2  
  94  9:19  Overlord x2  
  94  9:20  Drone x2  
  94  9:23  Queen  
  98  9:25  Zerg Melee Weapons Level 1  
  98  9:30  Evolution Chamber  
  97  9:48  Mutalisk, Roach  
  97  9:49  Mutalisk x7  
  115  9:57  Zergling x4  
  115  9:58  Zergling x8  
  115  9:59  Overlord  
  116  10:13  Zergling x14  
  116  10:14  Zergling x4  
  105  10:23  Zergling x6  
  108  10:34  Zergling x4  
  108  10:35  Zergling x10  
  100  10:45  Mutalisk x4  
  108  10:56  Queen  
  104  11:25  Zergling x4  
  104  11:26  Zergling x16  
  104  11:27  Zergling x14  
  104  11:32  Hatchery  
  119  11:33  Zerg Ground Armor Level 1  
  119  11:39  Extractor  
  118  11:58  Infestation Pit  
  118  12:00  Drone x2  
  118  12:01  Drone  
  120  12:06  Zergling x2  
  120  12:07  Zergling x10  
  126  12:11  Zergling x4  
  127  12:15  Zergling x4  
  127  12:16  Zergling x12  
  125  12:28  Zergling x10  
  125  12:29  Zergling x10  
  131  12:34  Zergling x2  
  131  12:35  Zergling x6  
  135  12:39  Hive  
  135  12:43  Drone  
  136  12:48  Overlord x2  
  136  13:06  Drone x3  
  136  13:07  Drone x5  
  136  13:09  Queen  
  129  13:30  Zergling x6  
  129  13:31  Zergling x28  
  146  13:41  Zergling x14  
  146  13:42  Zergling x4  
  146  13:45  Zergling x6  
  146  13:46  Zergling x4  
  152  13:55  Baneling x3  
  150  14:01  Zergling x12  
  143  14:08  Zergling x2  
  143  14:09  Zergling x12  
  103  14:19  Zergling x2  
Show
View Real Time Build Order
Export as new Build Order

EpicNoob Terran - Winner!

Build Orders: Cyclone Opening, Reaper Expand, Bio Tank 

Get SALT Encoding   

  12  0:01  SCV  
  13  0:13  SCV  
  14  0:17  Supply Depot  
  14  0:25  SCV  
  15  0:30  Refinery  
  15  0:41  Barracks  
  15  0:46  SCV  
  16  0:58  SCV  
  17  1:10  SCV  
  18  1:28  Reaper  
  18  1:32  Orbital Command  
  19  1:41  Command Center  
  19  1:53  Factory  
  19  2:05  Marine  
  19  2:07  Bunker  
  20  2:11  Refinery  
  20  2:14  SCV  
  21  2:22  Supply Depot  
  21  2:26  SCV  
  22  2:30  Marine  
  24  2:44  SCV  
  24  2:54  Orbital Command  
  24  2:58  Barracks Tech Lab  
  24  2:59  Cyclone  
  24  3:00  SCV  
  28  3:07  Starport  
  28  3:12  SCV  
  29  3:23  Marine  
  29  3:25  Stimpack  
  30  3:28  SCV  
  30  3:29  SCV  
  30  3:33  Refinery  
  31  3:41  Marine  
  31  3:43  Starport Reactor, Factory Tech Lab  
  31  3:47  SCV  
  31  3:48  SCV  
  34  3:56  Refinery  
  34  3:59  SCV, Marine  
  34  4:00  SCV, Barracks  
  37  4:06  Siege Tank  
  40  4:11  Orbital Command  
  40  4:17  Marine  
  40  4:18  Liberator  
  37  4:32  Bunker  
  37  4:37  Marine  
  41  4:52  Bunker  
  41  4:55  Marine  
  42  5:06  Supply Depot  
  42  5:13  Barracks Reactor  
  42  5:17  Supply Depot x2  
  42  5:21  Supply Depot  
  42  5:27  SCV x2  
  44  5:35  Command Center  
  44  5:38  Siege Tank  
  44  5:39  SCV  
  48  5:45  Orbital Command  
  48  6:03  Bunker, Refinery  
  48  6:04  Refinery  
  48  6:06  Engineering Bay  
  45  6:17  Bunker  
  45  6:19  SCV x2  
  47  6:25  Marine  
  47  6:26  Combat Shields  
  47  6:30  Siege Tank  
  47  6:31  SCV  
  52  6:40  Terran Infantry Weapons Level 1  
  52  6:42  Engineering Bay  
  52  6:44  Armory  
  52  6:46  Barracks  
  52  6:57  Supply Depot  
  52  7:02  SCV x3  
  55  7:11  Marine, Siege Tank  
  55  7:14  SCV  
  55  7:15  Orbital Command  
  60  7:17  Terran Infantry Armor Level 1  
  60  7:19  SCV  
  60  7:22  Supply Depot  
  61  7:26  SCV  
  62  7:31  SCV  
  62  7:34  Viking  
  62  7:35  Medivac  
  62  7:36  Marine  
  62  7:37  Marine  
  68  7:38  SCV, Barracks Reactor  
  68  7:42  Terran Vehicle Weapons Level 1  
  68  7:43  SCV x2  
  72  7:44  Supply Depot  
  72  7:45  Concussive Shells  
  72  7:50  SCV  
  73  7:55  SCV  
  74  8:00  Liberator  
  74  8:07  Viking  
  76  8:15  Orbital Command  
  76  8:18  Marine x2  
  81  8:22  Marine x3  
  81  8:24  Siege Tank  
  87  8:29  SCV x2  
  87  8:31  Barracks  
  89  8:36  Marine x2  
  89  8:38  Barracks  
  89  8:40  Marine x3  
  89  8:41  SCV x2  
  96  8:51  SCV, Refinery  
  96  8:53  SCV x2, Marine  
  96  8:54  Marine, Refinery  
  101  8:57  Marine  
  101  8:58  Marine x2  
  104  9:03  SCV  
  104  9:05  Terran Infantry Weapons Level 2, SCV  
  104  9:08  Siege Tank  
  109  9:33  Barracks Reactor  
  109  9:35  Terran Infantry Armor Level 2  
  109  9:50  Command Center  
  109  10:06  Marine  
  109  10:07  Marine  
  109  10:08  Marine  
  109  10:09  SCV x3, Marine x3  
  109  10:10  Medivac x2  
  109  10:12  Marine x2  
  105  10:14  Siege Tank  
  105  10:21  SCV  
  109  10:23  SCV  
  109  10:28  Marine  
  109  10:32  Marine x5, Marauder  
  109  10:33  SCV, Marine  
  109  10:34  Supply Depot  
  109  10:35  Supply Depot, SCV  
  101  10:45  SCV  
  101  10:46  Siege Tank  
  101  10:49  Marine  
  101  10:50  Marine x4  
  101  10:51  Marine  
  101  10:54  Marauder, Missile Turret  
  101  10:56  Missile Turret  
  101  10:57  Missile Turret  
  109  10:59  Missile Turret  
  109  11:00  Missile Turret  
  109  11:01  Terran Vehicle Weapons Level 2  
  109  11:02  Missile Turret  
  109  11:03  Barracks Reactor  
  108  11:07  Marine  
  108  11:08  Marine x4  
  108  11:09  Marine  
  113  11:12  Barracks  
  113  11:15  Barracks, Marauder  
  115  11:18  Siege Tank  
  115  11:22  Command Center  
  115  11:25  Marine x4  
  118  11:26  Marine  
  118  11:27  Marine  
  124  11:36  Marine  
  125  11:41  Terran Infantry Weapons Level 3  
  125  11:43  Marine  
  126  11:50  Siege Tank  
  126  11:51  Supply Depot  
  126  11:52  Supply Depot  
  126  11:53  Planetary Fortress  
  129  11:55  Marauder  
  131  12:03  Marine  
  131  12:04  Supply Depot, Marine x7  
  131  12:07  Supply Depot  
  139  12:09  Supply Depot x2  
  139  12:15  Supply Depot  
  136  12:16  Supply Depot, Marine  
  136  12:21  Marine x3  
  136  12:22  Marine x2  
  134  12:23  Widow Mine  
  128  12:36  Marine x3, Marauder  
  131  12:39  Marine x3  
  132  12:44  Widow Mine  
  132  12:45  Marine  
  132  12:46  Marine  
  132  12:48  Barracks Reactor x2  
  136  12:53  Medivac x2, Marine  
  136  12:54  Marine x2  
  136  12:57  Marine x3, Marauder  
  148  13:00  Refinery  
  148  13:02  Refinery  
  148  13:04  Marine x2  
  150  13:12  Marine  
  151  13:19  Marauder  
  153  13:23  Medivac  
  153  13:27  Marine  
  153  13:28  Marine x2  
  153  13:29  Marine  
  153  13:31  Starport  
  157  13:40  Marine x2, Marauder  
  161  13:42  Supply Depot  
  156  13:55  Marine x8  
  155  13:56  Marine x2  
  155  13:58  Marine x2  
  155  14:02  Marauder  
  158  14:09  Starport  
  154  14:13  Marine x10  
  154  14:16  Marine x2  
Tags
 
Add a new tag
Caveats
  • Supply blocks, unpowered buildings, or Contaminate may cause inaccurate times.
  • Supply counts are checked every 10 seconds.